Unix NetHack Version 3.7.0-62 Work-in-progress - last build Sep 4 2022 05:15:49 (19f23e9df9cc3a1919452eed5d8f743ebdc3eec5,branch:master).

Game began 2022-09-04 06:59:50, ended 2022-09-06 20:52:56.

spontiff, neutral male gnomish Healer

  
unexplored area
unexplored area
unexplored area
unexplored area
unexplored area
unexplored area
unexplored area
unexplored area
unexplored area
unexplored area
unexplored area
unexplored area
unexplored area
unexplored area
unexplored area
unexplored area
unexplored area
unexplored area
unexplored area
unexplored area
unexplored area
unexplored area
unexplored area
unexplored area
unexplored area
unexplored area
unexplored area
unexplored area
unexplored area
unexplored area
unexplored area
unexplored area
unexplored area
unexplored area
}pool of water
}pool of water
}pool of water
}pool of water
}pool of water
}pool of water
}pool of water
}pool of water
}pool of water
}pool of water
}pool of water
}pool of water
}pool of water
}pool of water
}pool of water
}pool of water
}pool of water
}pool of water
}pool of water
}pool of water
}pool of water
}pool of water
}pool of water
}pool of water
}pool of water
}pool of water
}pool of water
}pool of water
}pool of water
}pool of water
}pool of water
}pool of water
}pool of water
}pool of water
}pool of water
}pool of water
}pool of water
}pool of water
}pool of water
}pool of water
}pool of water
}pool of water
}pool of water
}pool of water
}pool of water
unexplored area
unexplored area
unexplored area
unexplored area
unexplored area
unexplored area
unexplored area
unexplored area
unexplored area
unexplored area
unexplored area
unexplored area
unexplored area
unexplored area
unexplored area
unexplored area
unexplored area
unexplored area
unexplored area
unexplored area
unexplored area
unexplored area
unexplored area
unexplored area
unexplored area
unexplored area
unexplored area
unexplored area
unexplored area
unexplored area
unexplored area
unexplored area
unexplored area
unexplored area
unexplored area
unexplored area
}pool of water
}pool of water
.dark part of a room
}pool of water
}pool of water
}pool of water
}pool of water
.floor of a room
}pool of water
.floor of a room
}pool of water
.floor of a room
}pool of water
}pool of water
.floor of a room
}pool of water
}pool of water
}pool of water
}pool of water
}pool of water
}pool of water
}pool of water
}pool of water
}pool of water
}pool of water
}pool of water
}pool of water
}pool of water
}pool of water
}pool of water
}pool of water
}pool of water
}pool of water
}pool of water
}pool of water
}pool of water
}pool of water
}pool of water
}pool of water
}pool of water
}pool of water
}pool of water
}pool of water
unexplored area
unexplored area
unexplored area
unexplored area
unexplored area
unexplored area
unexplored area
unexplored area
unexplored area
unexplored area
unexplored area
unexplored area
unexplored area
unexplored area
unexplored area
unexplored area
unexplored area
unexplored area
unexplored area
unexplored area
unexplored area
unexplored area
unexplored area
unexplored area
unexplored area
unexplored area
unexplored area
unexplored area
unexplored area
unexplored area
unexplored area
unexplored area
unexplored area
unexplored area
unexplored area
unexplored area
unexplored area
unexplored area
.dark part of a room
.dark part of a room
.dark part of a room
.floor of a room
.floor of a room
.floor of a room
.floor of a room
.floor of a room
.floor of a room
.floor of a room
.floor of a room
.floor of a room
.floor of a room
.floor of a room
.floor of a room
}pool of water
}pool of water
}pool of water
}pool of water
}pool of water
}pool of water
}pool of water
}pool of water
}pool of water
}pool of water
}pool of water
.floor of a room
.floor of a room
}pool of water
}pool of water
}pool of water
}pool of water
}pool of water
}pool of water
}pool of water
}pool of water
}pool of water
}pool of water
}pool of water
}pool of water
}pool of water
unexplored area
unexplored area
unexplored area
unexplored area
unexplored area
unexplored area
unexplored area
unexplored area
unexplored area
unexplored area
unexplored area
unexplored area
unexplored area
unexplored area
unexplored area
unexplored area
unexplored area
unexplored area
unexplored area
unexplored area
unexplored area
unexplored area
unexplored area
unexplored area
unexplored area
unexplored area
unexplored area
unexplored area
unexplored area
unexplored area
unexplored area
unexplored area
unexplored area
unexplored area
unexplored area
unexplored area
unexplored area
unexplored area
unexplored area
unexplored area
.dark part of a room
.dark part of a room
.floor of a room
.floor of a room
.floor of a room
.floor of a room
.floor of a room
.floor of a room
.floor of a room
.floor of a room
.floor of a room
.floor of a room
.floor of a room
}pool of water
}pool of water
}pool of water
}pool of water
}pool of water
}pool of water
}pool of water
}pool of water
}pool of water
}pool of water
}pool of water
.floor of a room
.floor of a room
}pool of water
}pool of water
}pool of water
}pool of water
}pool of water
}pool of water
}pool of water
}pool of water
}pool of water
}pool of water
}pool of water
}pool of water
}pool of water
unexplored area
unexplored area
unexplored area
unexplored area
unexplored area
unexplored area
unexplored area
unexplored area
unexplored area
unexplored area
unexplored area
unexplored area
unexplored area
unexplored area
unexplored area
unexplored area
unexplored area
unexplored area
unexplored area
unexplored area
unexplored area
unexplored area
unexplored area
unexplored area
unexplored area
unexplored area
unexplored area
unexplored area
unexplored area
unexplored area
unexplored area
unexplored area
unexplored area
unexplored area
unexplored area
unexplored area
unexplored area
unexplored area
unexplored area
unexplored area
unexplored area
unexplored area
.dark part of a room
.dark part of a room
}pool of water
}pool of water
}pool of water
}pool of water
}pool of water
}pool of water
}pool of water
}pool of water
}pool of water
}pool of water
}pool of water
}pool of water
}pool of water
}pool of water
}pool of water
}pool of water
}pool of water
}pool of water
.floor of a room
.floor of a room
.floor of a room
.floor of a room
.floor of a room
}pool of water
}pool of water
}pool of water
}pool of water
}pool of water
}pool of water
}pool of water
}pool of water
}pool of water
}pool of water
}pool of water
}pool of water
unexplored area
unexplored area
unexplored area
unexplored area
unexplored area
unexplored area
unexplored area
unexplored area
unexplored area
unexplored area
unexplored area
unexplored area
unexplored area
unexplored area
unexplored area
unexplored area
unexplored area
unexplored area
unexplored area
unexplored area
unexplored area
unexplored area
unexplored area
unexplored area
unexplored area
unexplored area
unexplored area
unexplored area
unexplored area
unexplored area
unexplored area
unexplored area
unexplored area
unexplored area
unexplored area
unexplored area
unexplored area
unexplored area
unexplored area
unexplored area
unexplored area
unexplored area
unexplored area
unexplored area
.dark part of a room
.floor of a room
.floor of a room
}pool of water
}pool of water
}pool of water
}pool of water
}pool of water
}pool of water
}pool of water
}pool of water
}pool of water
}pool of water
}pool of water
}pool of water
}pool of water
}pool of water
}pool of water
.floor of a room
.floor of a room
.floor of a room
.floor of a room
.floor of a room
}pool of water
}pool of water
}pool of water
}pool of water
}pool of water
}pool of water
}pool of water
}pool of water
}pool of water
}pool of water
}pool of water
}pool of water
unexplored area
unexplored area
unexplored area
unexplored area
unexplored area
unexplored area
unexplored area
unexplored area
unexplored area
unexplored area
unexplored area
unexplored area
unexplored area
unexplored area
unexplored area
unexplored area
unexplored area
unexplored area
unexplored area
unexplored area
unexplored area
unexplored area
unexplored area
unexplored area
unexplored area
unexplored area
unexplored area
unexplored area
unexplored area
unexplored area
unexplored area
unexplored area
unexplored area
unexplored area
unexplored area
unexplored area
unexplored area
unexplored area
unexplored area
unexplored area
unexplored area
unexplored area
unexplored area
unexplored area
unexplored area
wall
.floor of a room
(an oil lamp
.floor of a room
.floor of a room
}pool of water
}pool of water
}pool of water
}pool of water
}pool of water
}pool of water
}pool of water
}pool of water
}pool of water
}pool of water
}pool of water
}pool of water
}pool of water
}pool of water
.floor of a room
.floor of a room
.floor of a room
.floor of a room
}pool of water
}pool of water
}pool of water
}pool of water
.floor of a room
.floor of a room
}pool of water
}pool of water
}pool of water
}pool of water
}pool of water
unexplored area
unexplored area
unexplored area
unexplored area
unexplored area
unexplored area
unexplored area
unexplored area
unexplored area
unexplored area
unexplored area
unexplored area
unexplored area
unexplored area
unexplored area
unexplored area
unexplored area
unexplored area
unexplored area
unexplored area
unexplored area
unexplored area
unexplored area
unexplored area
unexplored area
unexplored area
unexplored area
unexplored area
unexplored area
unexplored area
unexplored area
unexplored area
unexplored area
unexplored area
unexplored area
unexplored area
unexplored area
unexplored area
unexplored area
unexplored area
unexplored area
unexplored area
unexplored area
unexplored area
unexplored area
wall
.floor of a room
.floor of a room
Dgray dragon
.floor of a room
.floor of a room
}pool of water
}pool of water
}pool of water
}pool of water
}pool of water
}pool of water
}pool of water
}pool of water
}pool of water
}pool of water
}pool of water
}pool of water
}pool of water
}pool of water
.floor of a room
.floor of a room
}pool of water
}pool of water
}pool of water
}pool of water
.floor of a room
.floor of a room
.floor of a room
}pool of water
}pool of water
}pool of water
}pool of water
}pool of water
unexplored area
unexplored area
unexplored area
unexplored area
unexplored area
unexplored area
unexplored area
unexplored area
unexplored area
unexplored area
unexplored area
unexplored area
unexplored area
unexplored area
unexplored area
unexplored area
unexplored area
unexplored area
unexplored area
unexplored area
unexplored area
unexplored area
unexplored area
unexplored area
unexplored area
unexplored area
unexplored area
unexplored area
unexplored area
unexplored area
unexplored area
unexplored area
unexplored area
unexplored area
unexplored area
unexplored area
unexplored area
unexplored area
unexplored area
unexplored area
unexplored area
unexplored area
unexplored area
unexplored area
unexplored area
+closed door
.floor of a room
.floor of a room
@invisible gnomish healer called spontiff
.floor of a room
.floor of a room
.floor of a room
}pool of water
}pool of water
}pool of water
}pool of water
}pool of water
}pool of water
}pool of water
}pool of water
}pool of water
}pool of water
}pool of water
}pool of water
}pool of water
.floor of a room
}pool of water
}pool of water
}pool of water
}pool of water
.floor of a room
.floor of a room
.floor of a room
.floor of a room
.floor of a room
}pool of water
}pool of water
}pool of water
}pool of water
unexplored area
unexplored area
unexplored area
unexplored area
unexplored area
unexplored area
unexplored area
unexplored area
unexplored area
unexplored area
unexplored area
unexplored area
unexplored area
unexplored area
unexplored area
unexplored area
unexplored area
unexplored area
unexplored area
unexplored area
unexplored area
unexplored area
unexplored area
unexplored area
unexplored area
unexplored area
unexplored area
unexplored area
unexplored area
unexplored area
unexplored area
unexplored area
unexplored area
unexplored area
unexplored area
unexplored area
unexplored area
unexplored area
unexplored area
unexplored area
unexplored area
unexplored area
unexplored area
unexplored area
unexplored area
+closed door
.floor of a room
%a rabid rat corpse
.floor of a room
.floor of a room
<staircase up
.floor of a room
}pool of water
}pool of water
}pool of water
}pool of water
}pool of water
}pool of water
}pool of water
}pool of water
}pool of water
}pool of water
}pool of water
}pool of water
}pool of water
.floor of a room
}pool of water
}pool of water
}pool of water
.floor of a room
}pool of water
.floor of a room
.floor of a room
.floor of a room
.floor of a room
}pool of water
}pool of water
}pool of water
}pool of water
unexplored area
unexplored area
unexplored area
unexplored area
unexplored area
unexplored area
unexplored area
unexplored area
unexplored area
unexplored area
unexplored area
unexplored area
unexplored area
unexplored area
unexplored area
unexplored area
unexplored area
unexplored area
unexplored area
unexplored area
unexplored area
unexplored area
unexplored area
unexplored area
unexplored area
unexplored area
unexplored area
unexplored area
unexplored area
unexplored area
unexplored area
unexplored area
unexplored area
unexplored area
unexplored area
unexplored area
unexplored area
unexplored area
unexplored area
unexplored area
unexplored area
unexplored area
unexplored area
unexplored area
unexplored area
wall
.floor of a room
Dblack dragon, can't move (paralyzed or sleeping or busy)
htame master mind flayer
.floor of a room
;electric eel
}pool of water
}pool of water
}pool of water
}pool of water
}pool of water
}pool of water
}pool of water
}pool of water
}pool of water
}pool of water
}pool of water
}pool of water
}pool of water
}pool of water
.floor of a room
}pool of water
.floor of a room
.floor of a room
.floor of a room
}pool of water
}pool of water
.floor of a room
.floor of a room
.floor of a room
}pool of water
}pool of water
}pool of water
}pool of water
unexplored area
unexplored area
unexplored area
unexplored area
unexplored area
unexplored area
unexplored area
unexplored area
unexplored area
unexplored area
unexplored area
unexplored area
unexplored area
unexplored area
unexplored area
unexplored area
unexplored area
unexplored area
unexplored area
unexplored area
unexplored area
unexplored area
unexplored area
unexplored area
unexplored area
unexplored area
unexplored area
unexplored area
unexplored area
unexplored area
unexplored area
unexplored area
unexplored area
unexplored area
unexplored area
unexplored area
unexplored area
unexplored area
unexplored area
unexplored area
unexplored area
unexplored area
unexplored area
unexplored area
unexplored area
wall
[a pair of hard shoes
.floor of a room
%a food ration
.floor of a room
.floor of a room
}pool of water
}pool of water
}pool of water
}pool of water
.floor of a room
.floor of a room
}pool of water
}pool of water
}pool of water
}pool of water
}pool of water
}pool of water
}pool of water
}pool of water
.floor of a room
}pool of water
.floor of a room
.floor of a room
}pool of water
}pool of water
}pool of water
}pool of water
.floor of a room
}pool of water
}pool of water
}pool of water
}pool of water
}pool of water
unexplored area
unexplored area
unexplored area
unexplored area
unexplored area
unexplored area
unexplored area
unexplored area
unexplored area
unexplored area
unexplored area
unexplored area
unexplored area
unexplored area
unexplored area
unexplored area
unexplored area
unexplored area
unexplored area
unexplored area
unexplored area
unexplored area
unexplored area
unexplored area
unexplored area
unexplored area
unexplored area
unexplored area
unexplored area
unexplored area
unexplored area
unexplored area
unexplored area
unexplored area
unexplored area
unexplored area
unexplored area
unexplored area
unexplored area
unexplored area
unexplored area
unexplored area
unexplored area
unexplored area
.dark part of a room
.floor of a room
.floor of a room
}pool of water
}remembered, unseen, creature
}pool of water
}pool of water
}pool of water
}pool of water
}pool of water
}pool of water
.floor of a room
.floor of a room
.floor of a room
}pool of water
}pool of water
}pool of water
}pool of water
}pool of water
}pool of water
}pool of water
.floor of a room
.floor of a room
.floor of a room
.floor of a room
.floor of a room
}pool of water
}pool of water
}pool of water
}pool of water
}pool of water
}pool of water
}pool of water
}pool of water
}pool of water
unexplored area
unexplored area
unexplored area
unexplored area
unexplored area
unexplored area
unexplored area
unexplored area
unexplored area
unexplored area
unexplored area
unexplored area
unexplored area
unexplored area
unexplored area
unexplored area
unexplored area
unexplored area
unexplored area
unexplored area
unexplored area
unexplored area
unexplored area
unexplored area
unexplored area
unexplored area
unexplored area
unexplored area
unexplored area
unexplored area
unexplored area
unexplored area
unexplored area
unexplored area
unexplored area
unexplored area
unexplored area
unexplored area
unexplored area
unexplored area
unexplored area
unexplored area
}pool of water
}pool of water
}pool of water
}pool of water
}pool of water
}pool of water
}pool of water
}pool of water
}pool of water
}pool of water
}pool of water
}pool of water
}pool of water
.floor of a room
.floor of a room
.floor of a room
}pool of water
}pool of water
}pool of water
}pool of water
}pool of water
}pool of water
}pool of water
}pool of water
}pool of water
}pool of water
.floor of a room
.floor of a room
.floor of a room
.floor of a room
.floor of a room
}pool of water
}pool of water
}pool of water
}pool of water
}pool of water
}pool of water
unexplored area
unexplored area
unexplored area
unexplored area
unexplored area
unexplored area
unexplored area
unexplored area
unexplored area
unexplored area
unexplored area
unexplored area
unexplored area
unexplored area
unexplored area
unexplored area
unexplored area
unexplored area
unexplored area
unexplored area
unexplored area
unexplored area
unexplored area
unexplored area
unexplored area
unexplored area
unexplored area
unexplored area
unexplored area
unexplored area
unexplored area
unexplored area
unexplored area
unexplored area
unexplored area
unexplored area
unexplored area
unexplored area
unexplored area
unexplored area
.dark part of a room
.dark part of a room
.dark part of a room
.dark part of a room
.floor of a room
.floor of a room
}pool of water
}pool of water
}pool of water
}pool of water
}pool of water
}pool of water
.floor of a room
.floor of a room
.floor of a room
.floor of a room
.floor of a room
.floor of a room
.floor of a room
}pool of water
}pool of water
}pool of water
}pool of water
}pool of water
.floor of a room
.floor of a room
.floor of a room
.floor of a room
.floor of a room
.floor of a room
.floor of a room
.floor of a room
.floor of a room
}pool of water
}pool of water
}pool of water
}pool of water
}pool of water
}pool of water
unexplored area
unexplored area
unexplored area
unexplored area
unexplored area
unexplored area
unexplored area
unexplored area
unexplored area
unexplored area
unexplored area
unexplored area
unexplored area
unexplored area
unexplored area
unexplored area
unexplored area
unexplored area
unexplored area
unexplored area
unexplored area
unexplored area
unexplored area
unexplored area
unexplored area
unexplored area
unexplored area
unexplored area
unexplored area
unexplored area
unexplored area
unexplored area
unexplored area
unexplored area
unexplored area
unexplored area
unexplored area
unexplored area
}pool of water
}pool of water
.dark part of a room
.dark part of a room
}pool of water
}pool of water
.floor of a room
.floor of a room
.floor of a room
.floor of a room
}pool of water
.floor of a room
}pool of water
}pool of water
}pool of water
}pool of water
}pool of water
}pool of water
}pool of water
.floor of a room
.floor of a room
}pool of water
}pool of water
}pool of water
}pool of water
}pool of water
.floor of a room
}pool of water
}pool of water
}pool of water
}pool of water
}pool of water
.floor of a room
.floor of a room
.floor of a room
.floor of a room
.floor of a room
}pool of water
}pool of water
}pool of water
}pool of water
unexplored area
unexplored area
unexplored area
unexplored area
unexplored area
unexplored area
unexplored area
unexplored area
unexplored area
unexplored area
unexplored area
unexplored area
unexplored area
unexplored area
unexplored area
unexplored area
unexplored area
unexplored area
unexplored area
unexplored area
unexplored area
unexplored area
unexplored area
unexplored area
unexplored area
unexplored area
unexplored area
unexplored area
unexplored area
unexplored area
unexplored area
unexplored area
unexplored area
unexplored area
unexplored area
unexplored area
}pool of water
}pool of water
}pool of water
}pool of water
}pool of water
}pool of water
}pool of water
}pool of water
.floor of a room
.floor of a room
.floor of a room
.floor of a room
.floor of a room
.floor of a room
.floor of a room
}pool of water
}pool of water
}pool of water
}pool of water
}pool of water
}pool of water
.floor of a room
.floor of a room
}pool of water
}pool of water
}pool of water
}pool of water
}pool of water
.floor of a room
}pool of water
}pool of water
}pool of water
}pool of water
}pool of water
.floor of a room
.floor of a room
.floor of a room
.floor of a room
.floor of a room
}pool of water
}pool of water
}pool of water
}pool of water
unexplored area
unexplored area
unexplored area
unexplored area
unexplored area
unexplored area
unexplored area
unexplored area
unexplored area
unexplored area
unexplored area
unexplored area
unexplored area
unexplored area
unexplored area
unexplored area
unexplored area
unexplored area
unexplored area
unexplored area
unexplored area
unexplored area
unexplored area
unexplored area
unexplored area
unexplored area
unexplored area
unexplored area
unexplored area
unexplored area
unexplored area
unexplored area
unexplored area
unexplored area
.dark part of a room
.dark part of a room
.dark part of a room
.dark part of a room
.dark part of a room
.dark part of a room
.dark part of a room
.floor of a room
.floor of a room
.floor of a room
.floor of a room
.floor of a room
.floor of a room
.floor of a room
.floor of a room
.floor of a room
.floor of a room
.floor of a room
.floor of a room
.floor of a room
}pool of water
}pool of water
}pool of water
}pool of water
.floor of a room
.floor of a room
}pool of water
.floor of a room
.floor of a room
}pool of water
.floor of a room
}pool of water
}pool of water
}pool of water
}pool of water
}pool of water
.floor of a room
.floor of a room
.floor of a room
}pool of water
}pool of water
}pool of water
}pool of water
}pool of water
}pool of water
unexplored area
unexplored area
unexplored area
unexplored area
unexplored area
unexplored area
unexplored area
unexplored area
unexplored area
unexplored area
unexplored area
unexplored area
unexplored area
unexplored area
unexplored area
unexplored area
unexplored area
unexplored area
unexplored area
unexplored area
unexplored area
unexplored area
unexplored area
unexplored area
unexplored area
unexplored area
unexplored area
unexplored area
unexplored area
unexplored area
unexplored area
unexplored area
.dark part of a room
.dark part of a room
.dark part of a room
.dark part of a room
.dark part of a room
.dark part of a room
.dark part of a room
.dark part of a room
.floor of a room
.floor of a room
.floor of a room
.floor of a room
.floor of a room
.floor of a room
.floor of a room
.floor of a room
.floor of a room
.floor of a room
.floor of a room
.floor of a room
.floor of a room
.floor of a room
.floor of a room
}pool of water
}pool of water
}pool of water
}pool of water
.floor of a room
.floor of a room
.floor of a room
.floor of a room
.floor of a room
.floor of a room
}pool of water
}pool of water
}pool of water
}pool of water
}pool of water
}pool of water
.floor of a room
.floor of a room
}pool of water
}pool of water
}pool of water
}pool of water
}pool of water
}pool of water
unexplored area
unexplored area
unexplored area
unexplored area
unexplored area
unexplored area
unexplored area
unexplored area
unexplored area
unexplored area
unexplored area
unexplored area
unexplored area
unexplored area
unexplored area
unexplored area
unexplored area
unexplored area
unexplored area
unexplored area
unexplored area
unexplored area
unexplored area
unexplored area
unexplored area
unexplored area
unexplored area
unexplored area
unexplored area
unexplored area
}pool of water
}pool of water
}pool of water
}pool of water
}pool of water
}pool of water
}pool of water
}pool of water
}pool of water
}pool of water
}pool of water
}pool of water
}pool of water
}pool of water
}pool of water
}pool of water
}pool of water
}pool of water
}pool of water
}pool of water
.floor of a room
}pool of water
}pool of water
.floor of a room
}pool of water
}pool of water
}pool of water
}pool of water
}pool of water
}pool of water
}pool of water
}pool of water
}pool of water
}pool of water
}pool of water
}pool of water
}pool of water
}pool of water
}pool of water
}pool of water
}pool of water
}pool of water
}pool of water
}pool of water
}pool of water
}pool of water
}pool of water
}pool of water
}pool of water
unexplored area
unexplored area
unexplored area
unexplored area
unexplored area
unexplored area
unexplored area
unexplored area
unexplored area
unexplored area
unexplored area
unexplored area
unexplored area
unexplored area
unexplored area
unexplored area
unexplored area
unexplored area
unexplored area
unexplored area
unexplored area
unexplored area
unexplored area
unexplored area
unexplored area
unexplored area
unexplored area
unexplored area
}pool of water
}pool of water
}pool of water
}pool of water
}pool of water
}pool of water
}pool of water
}pool of water
}pool of water
}pool of water
}pool of water
}pool of water
}pool of water
}pool of water
}pool of water
}pool of water
}pool of water
}pool of water
}pool of water
}pool of water
}pool of water
}pool of water
}pool of water
}pool of water
}pool of water
}pool of water
}pool of water
}pool of water
}pool of water
}pool of water
}pool of water
}pool of water
}pool of water
}pool of water
}pool of water
}pool of water
}pool of water
}pool of water
}pool of water
}pool of water
}pool of water
}pool of water
}pool of water
}pool of water
}pool of water
}pool of water
}pool of water
}pool of water
}pool of water
}pool of water
}pool of water
[Spontiff the Rhizotomist ] St:18/04 Dx:7 Co:17 In:11 Wi:18 Ch:17 Neutral S:1883 Home 3 $:0 HP:0(62) Pw:6(17) AC:-8 Xp:2/20 T:42104 Satiated

Latest messages:

The electric eel's brain is eaten!
The master mind flayer misses the electric eel.
The master mind flayer's tentacles suck the electric eel.
The electric eel's brain is eaten!
The master mind flayer misses the electric eel.
The master mind flayer misses the electric eel.
The electric eel misses the master mind flayer.
The electric eel misses the master mind flayer.
H - a tripe ration.
Suddenly, you notice an electric eel.
The master mind flayer swings his runed broadsword at the electric eel.
The master mind flayer hits the electric eel.
The master mind flayer's tentacles suck the electric eel.
The electric eel's brain is eaten!
The electric eel's last thought fades away...
The electric eel is killed!
The master mind flayer concentrates.
A wave of psychic energy pours over you!
It feels quite soothing.
It locks on to it.
What do you want to use or apply? [a-cfjkostwxzDSU or ?*] o
You produce a strange whistling sound.
Your master mind flayer shifts location.
The master mind flayer swings his runed broadsword at the rabid rat.
The master mind flayer hits the rabid rat.
The master mind flayer's tentacles suck the rabid rat.
The rabid rat's brain is eaten!
The master mind flayer's tentacles suck the rabid rat.
The rabid rat's brain is eaten!
The rabid rat's last thought fades away...
The rabid rat is killed!
It misses!
The electric eel brushes against your leg.
The master mind flayer swings his runed broadsword at the black dragon.
The master mind flayer hits the black dragon.
The master mind flayer's tentacles suck the black dragon.
The black dragon's brain is eaten!
The master mind flayer's tentacles suck the black dragon.
The black dragon's brain is eaten!
The master mind flayer's tentacles suck the black dragon.
The black dragon's brain is eaten!
The master mind flayer's tentacles suck the black dragon.
The black dragon's brain is eaten!
The master mind flayer's tentacles suck the black dragon.
The black dragon's brain is eaten!
The gray dragon bites!
The gray dragon hits!
You die...
Do you want your possessions identified? [ynq] (y) y
Do you want to see the dungeon overview? [ynq] (y) y

Inventory:

Amulets

A - an uncursed amulet of guarding (being worn)

Armor

G - a cursed -1 dwarvish iron helm
h - a blessed greased +1 elven leather helm (being worn)
g - an uncursed burnt +1 pair of leather gloves (being worn)
v - an uncursed +1 pair of low boots (being worn)
q - an uncursed +0 robe (being worn)
d - an uncursed +0 set of gray dragon scales (being worn)

Comestibles

a - an uncursed cream pie (wielded)
n - an uncursed food ration
b - 6 uncursed lumps of royal jelly
y - an uncursed pear
p - an uncursed tripe ration
H - an uncursed tripe ration
i - an uncursed lizard corpse

Wands

D - a blessed wand of digging (0:3)
S - an uncursed wand of sleep (0:0)

Tools

f - a blessed greased bag of holding containing 49 items
U - an uncursed can of grease (0:15)
z - an uncursed leash
o - an uncursed magic whistle
w - an uncursed mirror
x - a blessed oil lamp
k - an uncursed skeleton key
s - an uncursed stethoscope
t - an uncursed wet towel named CoFiPoSl SITy
c - a blessed +0 unicorn horn

Gems/Stones

E - an uncursed emerald
l - an uncursed luckstone
j - an uncursed touchstone

Contents of the bag of holding:

2196 gold pieces
an uncursed greased burnt +0 cloak of magic resistance
an uncursed +0 elven cloak
a blessed +0 mummy wrapping
11 uncursed food rations
an uncursed kelp frond
an uncursed pancake
7 uncursed tripe rations
2 cursed tins of gnome leader meat
an uncursed lizard corpse
2 blessed scrolls of blank paper
14 uncursed scrolls of blank paper
2 cursed scrolls of blank paper
a cursed scroll of enchant weapon
an uncursed scroll of identify
an uncursed scroll of magic mapping
2 uncursed scrolls of teleportation
a blessed spellbook of blank paper
a cursed spellbook of blank paper
an uncursed spellbook of invisibility
an uncursed spellbook of stone to flesh
an uncursed diluted potion of gain energy
an uncursed potion of gain level
4 uncursed diluted potions of healing
a cursed diluted potion of healing
a cursed diluted potion of invisibility
an uncursed diluted potion of object detection
a potion of holy water
a potion of unholy water
an uncursed ring of conflict
an uncursed ring of fire resistance
an uncursed ring of free action
an uncursed ring of invisibility
an uncursed ring of levitation
an uncursed ring of stealth
an uncursed wand of create monster (0:14)
an uncursed wand of create monster (0:11)
an uncursed wand of magic missile (0:4)
an uncursed wand of polymorph (0:8)
an uncursed wand of polymorph (0:4)
an uncursed wand of teleportation (0:4)
an uncursed wand of teleportation (0:4)
an uncursed wand of wishing (0:1)
an uncursed magic marker (0:83)
an uncursed magic marker (0:18)
an uncursed oil lamp
an uncursed rusty +0 pick-axe
an uncursed amethyst stone
3 uncursed emeralds

Spontiff the Healer's attributes:


Background:

You were a Rhizotomist, a level 2 male gnomish Healer.
You were neutral, on a mission for Hermes
who was opposed by Athena (lawful) and Poseidon (chaotic).
You were in the Quest, on level 3.
You entered the dungeon 42104 turns ago.
You had 20 experience points, 20 more were needed to attain level 3.
Your score was 1883 before end-of-game adjustments.

Basics:

You had 0 out of 62 hit points.
You had 6 out of 17 energy points (spell power).
Your armor class was -8.
Your wallet was empty.
Autopickup was on for '$!/="?' plus thrown, with exceptions.

Final Characteristics:

Your strength was 18/04 (limit:18/50).
Your dexterity was 7 (peak:9, limit:18).
Your constitution was 17 (peak:18, limit:18).
Your intelligence was 11 (limit:19).
Your wisdom was 18 (limit:18).
Your charisma was 17 (limit:18).

Final Status:

You were satiated.
You were unencumbered.
You were wielding some food.

Final Attributes:

You were piously aligned.
You were magic-protected.
You were fire resistant.
You were cold resistant.
You were sleep resistant.
You were poison resistant.
You saw invisible.
You were telepathic.
You had infravision.
You were invisible to others.
You had a moderate defense bonus (+8).
You were protected.
You were lucky.
You had extra luck.
Bad luck did not time out for you.
Good luck did not time out for you.
You are dead.

Miscellaneous:
You encountered 2 bones levels.
Total elapsed playing time was 13 hours, 18 minutes and 1 second.

Major events:

Turn

1: spontiff the neutral male gnomish Healer entered the dungeon
1070: entered the Gnomish Mines
1422: found Frost Brand in a shop
4323: reached Mine Town
17355: acquired the Mines' End luckstone
22939: killed the Oracle
23661: entered Sokoban
24815: completed 1st Sokoban level
25635: completed 2nd Sokoban level
26364: completed 3rd Sokoban level
27749: completed 4th Sokoban level
27907: acquired the Sokoban bag of holding
41406: killed Hippocrates
42104: killed by a gray dragon

Vanquished creatures:

Hippocrates
a gray dragon
a gold dragon
a silver dragon
a red dragon
a white dragon
a blue dragon
a green dragon
a yellow dragon
a vampire leader
6 shopkeepers
the Oracle
an aligned cleric
a clay golem
a vampire
a watch captain
4 ghosts
a queen bee
2 giant mimics
2 elven monarchs
a warg
6 small mimics
3 ettin mummies
a sasquatch
a shark
an electric eel
a large dog
a freezing sphere
a tengu
a leocrotta
a human mummy
a green slime
a pit viper
a leather golem
2 Grey-elves
4 watchmen
4 giant beetles
5 quivering blobs
3 wolves
2 gremlins
10 leprechauns
2 orc-captains
an iron piercer
2 giant spiders
2 horses
a forest centaur
a gnome ruler
an orc mummy
a dwarf mummy
an ogre
2 brown puddings
3 owlbears
2 yetis
a gold golem
3 giant eels
4 lizards
8 attendants
2 dingoes
a housecat
3 jaguars
2 dwarf leaders
a blue jelly
a white unicorn
2 gray unicorns
2 dust vortices
a raven
2 plains centaurs
4 gnome mummies
6 snakes
8 water moccasins
3 apes
8 human zombies
5 Woodland-elves
5 soldier ants
53 fire ants
15 bugbears
2 imps
3 wood nymphs
5 water nymphs
5 mountain nymphs
4 Mordor orcs
3 Uruk-hai
4 orc shamans
17 rock piercers
4 rock moles
2 ponies
4 fog clouds
6 yellow lights
9 shriekers
3 violet fungi
11 gnome leaders
2 gnomish wizards
3 kobold mummies
4 gray oozes
9 elf zombies
a ghoul
2 straw golems
a paper golem
7 giant ants
a little dog
17 floating eyes
4 kittens
27 dwarves
5 homunculi
10 kobold leaders
4 kobold shamans
4 hill orcs
7 rothes
14 rabid rats
a centipede
13 giant bats
2 monkeys
22 orc zombies
15 dwarf zombies
5 wererats
3 werejackals
23 iguanas
47 killer bees
14 acid blobs
7 coyotes
9 gas spores
17 hobbits
7 manes
13 large kobolds
22 hobgoblins
39 giant rats
14 cave spiders
3 brown molds
10 yellow molds
9 green molds
3 red molds
28 gnomes
10 garter snakes
11 gnome zombies
21 geckos
44 jackals
12 foxes
9 kobolds
18 goblins
21 sewer rats
49 grid bugs
5 bats
42 lichens
11 kobold zombies
56 newts
1079 creatures vanquished.
No species were genocided or became extinct.

Voluntary challenges:

You never hit with a wielded weapon.
You were a pacifist.
You read items or engraved 15 times.
You never engraved Elbereth.
You never genocided any monsters.
You used no wishes.
You did not violate any of the special Sokoban rules.

Achievements:

You entered the Gnomish Mines.
You entered a shop.
You entered Minetown.
You entered a temple.
You completed the Gnomish Mines.
You entered Sokoban.
You completed Sokoban.

The Dungeons of Doom: levels 1 to 17

   Level 1:
An altar.
Level 2: "Stash, Pools"
A general store, many altars.
Stairs down to The Gnomish Mines.
Level 3:
A sink.
Level 4:
An untended shop, a fountain.
Level 5:
Some fountains.
Level 6:
An untended shop, a fountain, a sink.
Final resting place for
WizzyTheWeird-Wiz-Hum-Mal-Neu, killed by an exploding wand.
Level 7:
Many fountains.
Oracle of Delphi.
Level 8:
Some fountains.
Stairs up to Sokoban, level 7.
Level 9:
Level 10:
Level 11:
An altar, a fountain.
Level 12:
Level 13: "Polytrap"
A fountain.
Summoned by Hippocrates.
Portal to The Quest.
Level 14:
Level 15:
Many fountains.
Level 16:
A primitive area.
Level 17:
Final resting place for
otc-Tou-Hum-Mal-Neu, choked on a yeti corpse.

The Gnomish Mines: levels 3 to 11

   Level 3:
Level 4:
Level 5:
Many shops, a temple to Hermes, a fountain.
Level 6: "magic traps"
Level 7:
Level 8:
Level 9:
Level 10: "magic trap"
Level 11: "Catacombs"
Some fountains.

The Quest: levels 1 to 3

   Level 1: "Polytrap"
An altar to Hermes.
Home.
Level 2:
Level 3: <- You were here.
Final resting place for
you, killed by a gray dragon.

Sokoban: levels 7 up to 4

   Level 4:
Solved.
Level 5: "FERAL LICH ABOVE"
Solved.
Level 6:
Solved.
Level 7: "Feral Lich with Gear - Geno L first!"
Solved.

Game over:

----------
/ \
/ REST \
/ IN \
/ PEACE \
/ \
| spontiff |
| 2196 Au |
| killed by a gray |
| dragon |
| |
| |
| 2022 |
*| * * * | *
_________)/\\_//(\/(/\)/\//\/|_)_______

Goodbye spontiff the Healer...


You died in The Quest on dungeon level 3 with 1775 points,
and 2196 pieces of gold, after 42104 moves.
You were level 2 with a maximum of 62 hit points when you died.